 Dungeon Crawl Stone Soup version 0.26-a0-52-gd53d4cd (webtiles) character file.

Game seed: 15277688003584636922

1787 thirtiethelement the Shield-Bearer (level 9, -1/73 HPs)
             Began as a Gnoll Fighter on June 7, 2020.
             Slain by an unseen horror (6 damage)
             ... on level 7 of the Dungeon.
             The game lasted 00:09:07 (4095 turns).

thirtiethelement the Shield-Bearer (Gnoll Fighter)  Turns: 4095, Time: 00:09:08

Health: -1/73      AC: 12    Str: 22    XL:     9   Next: 8%
Magic:  14/14      EV: 10    Int: 11    God:
Gold:   68         SH: 11    Dex: 14    Spells: 15/15 levels left

rFire    + . .     SeeInvis .   a - +0 war axe
rCold    + . .     Gourm    .   c - +0 kite shield
rNeg     . . .     Faith    .   b - +1 scale mail
rPois    +         Spirit   .   (no helmet)
rElec    +         Reflect  .   (no cloak)
rCorr    +         Harm     .   j - +2 pair of gloves
MR       .....                  (no boots)
Stlth    +.........             (no amulet)
HPRegen  0.22/turn              (no ring)
MPRegen  0.14/turn              (no ring)

@: brilliant, resistant
A: distributed training, fangs 1, strong nose
a: no special abilities


You were on level 7 of the Dungeon.
You were hungry.

You visited 1 branch of the dungeon, and saw 7 of its levels.

You collected 68 gold pieces.

Inventory:

Hand Weapons
 a - a +0 war axe (weapon)
Missiles
 m - 2 silver boomerangs (quivered)
Armour
 b - a +1 scale mail (worn)
 c - a +0 kite shield (worn)
 j - a +2 pair of gloves (worn)
Wands
 g - a wand of iceblast (17)
Potions
 d - 2 potions of might
Comestibles
 f - 4 rations


   Skills:
 + Level 7.6 Fighting
 + Level 3.8 Short Blades
 + Level 3.8 Long Blades
 + Level 6.0 Axes
 + Level 3.8 Maces & Flails
 + Level 3.8 Polearms
 + Level 3.8 Staves
 + Level 3.8 Slings
 + Level 3.8 Bows
 + Level 3.8 Crossbows
 + Level 3.8 Throwing
 + Level 7.6 Armour
 + Level 3.8 Dodging
 + Level 3.8 Stealth
 + Level 7.6 Shields
 + Level 3.8 Unarmed Combat
 + Level 3.8 Spellcasting
 + Level 3.1 Conjurations
 + Level 3.1 Hexes
 + Level 3.1 Charms
 + Level 3.1 Summonings
 + Level 3.1 Necromancy
 + Level 3.1 Translocations
 + Level 3.1 Transmutations
 + Level 3.1 Fire Magic
 + Level 3.1 Ice Magic
 + Level 3.1 Air Magic
 + Level 3.1 Earth Magic
 + Level 3.1 Poison Magic
 + Level 4.2 Invocations
 + Level 3.8 Evocations


You had 15 spell levels left.
You didn't know any spells.
Your spell library was empty.

Dungeon Overview and Level Annotations

Branches:
Dungeon (8/15)
 Temple: D:4-7         Lair: D:8-11

Altars:
Cheibriados
Gozag
Makhleb
Sif Muna
Xom
Zin

Annotations:
D:7 Maurice


Innate Abilities, Weirdness & Mutations

Your experience applies equally to all skills.
You have very sharp teeth.
Your uncanny sense of smell can sniff out nearby items.


Message History

Something hits you but does no damage.
You miss something. Something hits you.
* * * LOW HITPOINT WARNING * * *
You hit something. Something hits you!
* * * LOW HITPOINT WARNING * * *
Something completely misses you.
You feel better. Something hits you.
* * * LOW HITPOINT WARNING * * *
It was a potion of brilliance.
You feel clever all of a sudden. Something hits you.
* * * LOW HITPOINT WARNING * * *
Something hits you but does no damage.
It was a potion of resistance.
You feel protected. Something hits you but does no damage. Something hits you.
* * * LOW HITPOINT WARNING * * *
Something hits you but does no damage. You block something's attack.
You closely miss something. Something hits you.
You die...

.................................
....############################.
..#.# ##..## ######. ###.#
#.##.#######.##.#. #.# ∆∆
##.##.....†...##.## #.## ∆∆
#...##.#####.##...# #..# ∆
###.###.......##.#.# . #..##∆∆∆
#.#.#.##.###.##..... ..##..# ∆
##.#@#.##.†...####.## ......##
..#{#..##.#.##...... .......#
###.#O#.###...###..... .....#.##
#.#†#.#)#.##.##.#.#.#) .....#..#
#.....)...##†##...#[#. .....#..#
########.##.##.#######
....##..##.###[###.##.##....##...
.... ##..#....oF{).##.##.##.#.##.
.... #...#####O#####...###.##.#.#


You could see an ogre.

Vanquished Creatures
  3 sky beasts (D:7)
  An orc warrior (D:7)
  2 black bears (D:7)
  A centaur (D:3)
  2 ogres
  3 bullfrogs (D:7)
  3 scorpions
  A bullfrog zombie (D:7)
  2 quasits (D:7)
  An orc priest (D:4)
  2 hounds
  Ijyb (D:3)
  5 orc wizards
  Natasha (thrice) (D:3)
  An iguana (D:4)
  2 worker ants (D:7)
  A worker ant zombie (D:3)
  4 adders
  A shadow imp (D:7)
  3 worms
  A dart slug (D:4)
  3 leopard geckos
  15 orcs
  3 giant cockroaches
  7 goblins
  7 hobgoblins
  5 jackals
  5 kobolds
  5 quokkas
  7 bats
  6 frilled lizards
  A leopard gecko zombie (D:7)
  2 quokka skeletons (D:7)
  6 rats
115 creatures vanquished.

Notes
Turn   | Place    | Note
-------+----------+-------------------------------------------
     0 | D:1      | thirtiethelement the Gnoll Fighter began the quest for the
                  | Orb.
     0 | D:1      | Reached XP level 1. HP: 23/23 MP: 1/1
   115 | D:1      | Reached XP level 2. HP: 29/29 MP: 2/2
   887 | D:2      | Reached XP level 3. HP: 33/35 MP: 3/3
   990 | D:2      | Reached skill level 1 in Invocations
  1155 | D:2      | Reached skill level 1 in Short Blades
  1155 | D:2      | Reached skill level 1 in Long Blades
  1155 | D:2      | Reached skill level 1 in Maces & Flails
  1155 | D:2      | Reached skill level 1 in Polearms
  1155 | D:2      | Reached skill level 1 in Staves
  1155 | D:2      | Reached skill level 1 in Slings
  1155 | D:2      | Reached skill level 1 in Bows
  1155 | D:2      | Reached skill level 1 in Crossbows
  1155 | D:2      | Reached skill level 1 in Throwing
  1155 | D:2      | Reached skill level 1 in Dodging
  1155 | D:2      | Reached skill level 1 in Stealth
  1155 | D:2      | Reached skill level 1 in Unarmed Combat
  1155 | D:2      | Reached skill level 1 in Spellcasting
  1155 | D:2      | Reached skill level 1 in Evocations
  1175 | D:2      | Reached XP level 4. HP: 41/41 MP: 5/5
  1312 | D:2      | Found a shimmering blue altar of Sif Muna.
  1370 | D:2      | Found a faded altar of an unknown god.
  1527 | D:3      | Noticed Natasha
  1537 | D:3      | Killed Natasha
  1537 | D:3      | Reached skill level 1 in Conjurations
  1537 | D:3      | Reached skill level 1 in Hexes
  1537 | D:3      | Reached skill level 1 in Charms
  1537 | D:3      | Reached skill level 1 in Summonings
  1537 | D:3      | Reached skill level 1 in Necromancy
  1537 | D:3      | Reached skill level 1 in Translocations
  1537 | D:3      | Reached skill level 1 in Transmutations
  1537 | D:3      | Reached skill level 1 in Fire Magic
  1537 | D:3      | Reached skill level 1 in Ice Magic
  1537 | D:3      | Reached skill level 1 in Air Magic
  1537 | D:3      | Reached skill level 1 in Earth Magic
  1537 | D:3      | Reached skill level 1 in Poison Magic
  1633 | D:3      | Noticed Ijyb
  1642 | D:3      | Killed Ijyb
  1642 | D:3      | Reached XP level 5. HP: 47/47 MP: 5/7
  1683 | D:3      | Noticed a centaur
  1694 | D:3      | Killed a centaur
  1830 | D:3      | Reached XP level 6. HP: 44/53 MP: 8/8
  1946 | D:3      | Noticed Natasha
  1948 | D:3      | Found an opulent altar of Gozag.
  1958 | D:3      | Killed Natasha
  1970 | D:3      | Noticed Natasha
  1974 | D:3      | Killed Natasha
  2404 | D:4      | Reached skill level 5 in Axes
  2480 | D:4      | Found a snail-covered altar of Cheibriados.
  2498 | D:4      | Reached XP level 7. HP: 50/59 MP: 10/10
  3232 | D:5      | Entered Level 5 of the Dungeon
  3235 | D:5      | You fall into a shaft and drop 3 floors!
  3235 | D:8      | Noticed Maurice
  3236 | D:8      | Found a glowing silver altar of Zin.
  3236 | D:8      | Found a shimmering altar of Xom.
  3236 | D:8      | Noticed an angel
  3255 | D:7      | Paralysed by something for 2 turns
  3468 | D:7      | Found a glowing silver altar of Zin.
  3637 | D:7      | Reached XP level 8. HP: 44/67 MP: 12/12
  3790 | D:7      | Found a burning altar of Makhleb.
  4051 | D:7      | Reached XP level 9. HP: 17/72 MP: 14/14
  4090 | D:7      | HP: 3/73 [something (8)]
  4095 | D:7      | Slain by an unseen horror

Illustrated notes

Levels and vault maps discovered:
D:1:      psy_arrival_basics, layout_loops_ring, dk_noncrumbling_4
D:2:      layout_basic, lemuel_blue_sif_altar, chequers_ecumenical_altar_grove
D:3:      layout_rooms, lemuel_doored_altar, uniq_natasha, uniq_ijyb
D:4:      layout_loops_ring, kennysheep_slug_shrine, first_ration, st_stairs_3
D:5:      kennysheep_windowed_halls, layout_rooms,
          grunt_dithmenos_smoke_and_mirrors, serial_shops, shop, uniq_menkaure,
          uniq_pikel, uniq_grinder, uniq_crazy_yiuf_cottage
D:7:      minmay_the_grid_triangle_9x9_rhombus_full
          [minmay_the_grid_triangle_9x9_alien,
          minmay_the_grid_triangle_9x9_steps,
          minmay_the_grid_triangle_9x9_shrine,
          minmay_the_grid_triangle_9x9_longest,
          minmay_the_grid_triangle_9x9_descending_squares,
          minmay_the_grid_triangle_9x9_skeleton,
          minmay_the_grid_triangle_9x9_from_above,
          minmay_the_grid_triangle_9x9_prize_schism], layout_gridville,
          basic_altar, chequers_serial_rivers_small_a
D:8:      layout_cave_pools, grunt_temple_overflow_order_and_chaos_1,
          serial_shops, shop, uniq_grum, uniq_maurice, uniq_maggie,
          uniq_gastronok, uniq_prince_ribbit1

Skill      XL: |  1  2  3  4  5  6  7  8  9 |
---------------+----------------------------+-----
Invocations    | 1 2 3 4 |  4.2
Short Blades   | 1 2 3 |  3.8
Long Blades    | 1 2 3 |  3.8
Maces & Flails | 1 2 3 |  3.8
Polearms       | 1 2 3 |  3.8
Staves         | 1 2 3 |  3.8
Slings         | 1 2 3 |  3.8
Bows           | 1 2 3 |  3.8
Crossbows      | 1 2 3 |  3.8
Throwing       | 1 2 3 |  3.8
Dodging        | 1 2 3 |  3.8
Stealth        | 1 2 3 |  3.8
Unarmed Combat | 1 2 3 |  3.8
Spellcasting   | 1 2 3 |  3.8
Evocations     | 1 2 3 |  3.8
Conjurations   | 1 2 3 |  3.1
Hexes          | 1 2 3 |  3.1
Charms         | 1 2 3 |  3.1
Summonings     | 1 2 3 |  3.1
Necromancy     | 1 2 3 |  3.1
Translocations | 1 2 3 |  3.1
Transmutations | 1 2 3 |  3.1
Fire Magic     | 1 2 3 |  3.1
Ice Magic      | 1 2 3 |  3.1
Air Magic      | 1 2 3 |  3.1
Earth Magic    | 1 2 3 |  3.1
Poison Magic   | 1 2 3 |  3.1
Axes           | 5 6 |  6.0
Fighting       | 7 |  7.6
Armour         | 7 |  7.6
Shields        | 7 |  7.6

Action                   |  1- 3 |  4- 6 |  7- 9 || total
-------------------------+-------+-------+-------++-------
Melee: War axe           |    99 |   112 |   268 ||   479
       Bite              |    12 |     9 |    41 ||    62
Evoke: Wand              |       |       |     1 ||     1
  Use: Scroll            |     2 |     4 |     1 ||     7
       Potion            |       |       |     6 ||     6
  Eat: Chunk             |     1 |     4 |     2 ||     7
       Ration            |       |       |     1 ||     1
Armor: Scale mail        |    47 |    46 |   182 ||   275
Dodge: Dodged            |    38 |    39 |   108 ||   185
Block: Kite shield       |    68 |    63 |   158 ||   289

Table legend:
 A = Non-vault XP
 B = Vault XP
 C = Vault XP percentage of total XP
 D = Non-vault monster count
 E = Vault monster count
 F = Vault count percentage of total count
                 A         B        C        D         E       F
            +---------+---------+-------+---------+---------+-------
      Total |    1290 |    1264 |  49.5 |      93 |      22 |  19.1
            +---------+---------+-------+---------+---------+-------
        D:1 |      32 |       0 |   0.0 |      20 |       0 |   0.0
        D:2 |      61 |       0 |   0.0 |      21 |       0 |   0.0
        D:3 |     226 |      71 |  23.9 |      14 |       2 |  12.5
        D:4 |     427 |       6 |   1.4 |      21 |       2 |   8.7
        D:7 |     544 |    1187 |  68.6 |      17 |      18 |  51.4
            +---------+---------+-------+---------+---------+-------
